 Dungeon Crawl Stone Soup version 0.22-a0-422-g9628fc8 (webtiles) character file.

4 4thArraOfDagon the Magician (level 1, -2/13 HPs)
             Began as a Mummy Fire Elementalist on May 16, 2018.
             Slain by a hobgoblin
             ... wielding a +0 club
              (4 damage)
             ... on level 1 of the Dungeon.
             The game lasted 00:00:46 (127 turns).

4thArraOfDagon the Magician (MuFE)                   Turns: 127, Time: 00:00:46

Health: -2/13      AC:  2    Str: 11    XL:     1   Next: 58%
Magic:  0/4        EV:  6    Int: 14    God:
Gold:   0          SH:  0    Dex: 12    Spells: 4/5 levels left

rFire    x . .     SeeInvis .   b - 2 scrolls of teleportation
rCold    + . .     Gourm    .   (no shield)
rNeg     + + +     Faith    .   a - +0 robe
rPois    ∞         Spirit   .   (no helmet)
rElec    .         Reflect  .   (no cloak)
rCorr    .         Harm     .   (no gloves)
MR       .....                  (no boots)
Stlth    ++........             (no amulet)
HPRegen  0.04/turn              (no ring)
MPRegen  0.09/turn              (no ring)

@: held
A: no food or potions, fire vulnerability, cold resistance 1, negative energy
resistance 3, torment resistance, unbreathing
a: no special abilities


You were on level 1 of the Dungeon.
You were not hungry.

You visited 1 branch of the dungeon, and saw 1 of its levels.

Inventory:

Armour
 a - a +0 robe (worn)
Scrolls
 b - 2 scrolls of teleportation (in hand)
 c - a scroll of remove curse {unknown}
 d - a scroll of noise {unknown}


   Skills:
 - Level 1.5 Dodging
 - Level 1.5 Stealth
 + Level 2.8 Spellcasting
 * Level 1.0 Conjurations
 * Level 2.5 Fire Magic


You had 4 spell levels left.
You knew the following spells:

 Your Spells              Type           Power        Failure   Level  Hunger
a - Flame Tongue          Conj/Fire      #....        11%         1    N/A

Your spell library contained the following spells:

 Spells                   Type           Power        Failure   Level  Hunger
 Fireball                 Conj/Fire      #.........   96%         5    N/A
 Conjure Flame            Conj/Fire      #.......     30%         3    N/A
 Throw Flame              Conj/Fire      #.....       16%         2    N/A
 Sticky Flame             Conj/Fire      #.......     71%         4    N/A
 Inner Flame              Hex/Fire       #.......     36%         3    N/A

Dungeon Overview and Level Annotations

Branches:
Dungeon (1/15)

Altars:


Innate Abilities, Weirdness & Mutations

You do not eat or drink.
Your flesh is vulnerable to fire.
You are immune to poison.
Your flesh is cold resistant. (rC+)
You are immune to negative energy. (rN+++)
You are immune to unholy pain and torment.
You can survive without breathing.


Message History

You struggle against the net.
The bat hits you but does no damage. The hobgoblin barely misses you.
Unknown command.
You struggle against the net.
The bat completely misses you. The hobgoblin hits you with a club.
Unknown command.
You struggle against the net.
The bat hits you but does no damage. The hobgoblin hits you with a club!
Ouch! That really hurt!
* * * LOW HITPOINT WARNING * * *
Unknown command.
Unknown command.
You rip the net and break free!
The bat hits you but does no damage.
The hobgoblin hits you but does no damage.
Unknown command.
Unknown command.
The bat hits you but does no damage.
The goblin throws a throwing net.
The throwing net hits you.
You become entangled in the net!
The hobgoblin hits you with a club.
You die...

##.#################.#.....#
##..# #.##....# ###.#
#.##†.#.# ..#.# #.##..# .#
..#.# #.##..# # ..†.#
######.##..# (..##
####?..b......# ...#
#...........#.# .(##
#....@......'.# .(##
#..)..gg....### ..##
#...........# ...#
#..†........# ...#
#...........# ...#
#.....####### ..## #.....#
..## ####### ####


You could see a hobgoblin, a goblin and a bat.

Vanquished Creatures
  2 kobolds (D:1)
  4 rats (D:1)
6 creatures vanquished.

Notes
Turn   | Place    | Note
-------+----------+-------------------------------------------
     0 | D:1      | 4thArraOfDagon the Mummy Fire Elementalist began the quest for the Orb.
     0 | D:1      | Reached XP level 1. HP: 13/13 MP: 4/4
    84 | D:1      | Reached skill level 1 in Conjurations
   127 | D:1      | Slain by a hobgoblin

Vault maps used:
D:1:      minmay_arrival_open_corners

Skill      XL: |  1 |
---------------+----+-----
Conjurations   | 1 |  1.0
Dodging        | |  1.5
Stealth        | |  1.5
Spellcasting   | |  2.8
Fire Magic     | |  2.5

Action                   || total
-------------------------++-------
Melee: Unarmed           ||    11
 Cast: Flame Tongue      ||    11
  Use: Scroll            ||     1
Armor: Robe              ||     8
Dodge: Dodged            ||    16

Table legend:
 A = Spawn XP
 B = Non-spawn XP
 C = Spawn XP percentage of total XP
 D = Spawn monster count
 E = Non-spawn monster count
 F = Spawn count percentage of total count
 G = Total turns spent on level
                    A         B        C        D         E        F      G
               +---------+---------+-------+---------+---------+-------+---------
         Total |       0 |       7 |   0.0 |       0 |       6 |   0.0 |   127
               +---------+---------+-------+---------+---------+-------+---------
           D:1 |       0 |       7 |   0.0 |       0 |       6 |   0.0 |   127
               +---------+---------+-------+---------+---------+-------+---------
